AoeStats
← La Entrepierna de Exodia

Arabia

506938449Analyzed
3v3 RM · 17d ago on Sep 15, 2026· 30m 23s· 6 players
Game mode
Random Map
Map size
Normal (6 player)
Population
200
Speed
Normal
Resources
Standard
Victory
Conquest
Starting age
Dark Age
Ending age
Imperial Age
RankedLock teamsTeams togetherTeam positionsShared explorationLock speedFull tech treeHidden civsTurbo modeCheats
Victory
Defeat
🇨🇱 Britons · Chile
1342
+12
🇨🇱 Persians · Chile
1328
+12
🇨🇱 Japanese · Chile
1149
+19
🇨🇦 Mongols · Canada
1281
-16
1221
-14
🇨🇦 Vikings · Canada
1204
-13
Willy le chat orangé
0:28 Loom
13:44 Feudal Age
14:30 Double-Bit Axe
25:27 Castle Age
25:29 Elite Skirmisher
25:45 Pikeman
HellSong
2:45 Loom
10:43 Feudal Age
15:19 Castle Age
14:28 Bloodlines
14:06 Double-Bit Axe
18:01 Husbandry
19:46 Horse Collar
21:34 Forging
25:02 Iron Casting
24:35 Squires
24:51 Pikeman
La Entrepierna de Exodia
5:24 Loom
8:21 Feudal Age
25:28 Horse Collar
27:00 Wheelbarrow
26:10 Town Watch
Cuchorro
5:32 Loom
11:20 Feudal Age
13:33 Man-at-Arms
15:48 Arson
18:09 Forging
19:27 Scale Mail Armor
28:14 Castle Age
26:50 Double-Bit Axe
[TVDT] Emiliator
7:18 Loom
9:59 Feudal Age
10:39 Double-Bit Axe
12:44 Fletching
15:16 Padded Archer Armor
17:08 Horse Collar
19:55 Wheelbarrow
23:58 Castle Age
22:00 Gold Mining
24:03 Crossbowman
24:49 Bodkin Arrow
25:24 Hand Cart
25:49 Bow Saw
27:33 Heavy Plow
29:43 Leather Archer Armor
30:02 Ballistics
31:17 Gold Shaft Mining
30:32 Stone Mining
AiM | yunito000
6:54 Loom
9:07 Feudal Age
9:35 Double-Bit Axe
14:47 Scale Barding Armor
16:18 Forging
16:40 Horse Collar
21:00 Castle Age
20:03 Bloodlines
21:45 Bow Saw
21:38 Husbandry
22:51 Heavy Plow
29:21 Wheelbarrow
28:32 Town Watch
29:33 Chain Barding Armor
Connection lost

Rejoining the realm…

Still unreachable

The connection could not be restored.

Session expired

The server has moved on; the page needs a fresh start.